 Dungeon Crawl Stone Soup version 0.32-a0-433-g08bcfe7efd (webtiles) character file.

Game seed: 13878417492710403419

32 night the Slasher (level 3, -2/28 HPs)
             Began as a Coglin Gladiator on Feb 22, 2024.
             Was an Initiate of Beogh.
             Killed by nerve-wracking pain
             ... invoked by an orc priest
              (10 damage)
             ... on level 3 of the Dungeon.
             The game lasted 00:02:39 (1377 turns).

night the Slasher (Coglin Gladiator)                Turns: 1377, Time: 00:02:40

Health: -2/28      AC:  4    Str: 14    XL:     3   Next: 25%
Magic:  3/3        EV: 12    Int:  7    God:    Beogh [......]
Gold:   74         SH:  0    Dex: 17    Spells: 2/2 levels left

rFire   . . .        a - +0 long sword {Tae}
rCold   . . .        p - +0 war axe {Fikile}
rNeg    . . .        b - +0 leather armour
rPois   .            c - +0 helmet
rElec   .            (no cloak)
rCorr   .            (no gloves)
SInv    .            (no boots)
Will    .....        (no amulet)
Stlth   +            (no ring)
HPRegen 0.24/turn    (no ring)
MPRegen 0.08/turn

%: no passive effects
@: immotile, revving
A: off-hand wielding, slow wielding, warmup strikes, legs shutdown
a: Renounce Religion


You were on level 3 of the Dungeon.
You worshipped Beogh.
Beogh was noncommittal.
You visited 1 branch of the dungeon, and saw 3 of its levels.

You collected 74 gold pieces.

Inventory:

Hand Weapons
 a - a +0 long sword (weapon) {Tae}
 m - a +0 short sword {José}
 p - a +0 war axe (offhand) {Fikile}
Missiles
 d - 3 throwing nets (quivered)
 e - a javelin
 i - 5 poisoned darts
 j - 13 stones
Armour
 b - a +0 leather armour (worn)
 c - a +0 helmet (worn)
Jewellery
 k - a ring of fire
 l - a ring of fire
 n - a ring of resist corrosion
Scrolls
 g - 2 scrolls of teleportation {unknown}
 h - a scroll of identify {unknown}
Potions
 f - a potion of berserk rage {unknown}
 o - a potion of haste {unknown}


   Skills:
 + Level 2.4 Fighting
 * Level 3.7 Long Blades
 - Level 1.7 Throwing
 + Level 3.0 Dodging


You had 2 spell levels left.
You didn't know any spells.
Your spell library was empty.

Dungeon Overview and Level Annotations

Branches:
Dungeon (3/15)

Altars:


Innate Abilities, Weirdness & Mutations

You can wield a second weapon in your off-hand.
It takes a long time for you to wield or remove held weapons.
Your first few attacks do less damage.
Attacking and casting redirects power from your legs.


Message History

A rat comes into view.
The rat squeaks loudly.
An orc priest comes into view. It is wielding a +0 flail.
An endoplasm and a goblin come into view.
The rat barely misses you.
The endoplasm quivers.
The goblin shouts!
The orc priest shouts!
You hit the rat with your +0 war axe.
You kill the rat!
Beogh accepts your kill.
You hear a loud squeak.
You hear a shout!
You are no longer unable to travel.
The orc priest calls down the wrath of Beogh upon you.
Beogh smites you!
An orc comes into view. It is wielding a +0 mace.
The orc shouts!
You hear a shout!
The endoplasm freezes you.
You are frozen.
The goblin hits you but does no damage.
A rat comes into view.
You hit the endoplasm with your +0 long sword.
The endoplasm is moderately wounded.
You hit the endoplasm but do no damage.
You completely miss the goblin with your +0 war axe.
The endoplasm closely misses you. The goblin hits you with a +0 dagger.
You hit the endoplasm but do no damage.
The endoplasm is moderately wounded.
You hit the endoplasm with your +0 war axe.
You closely miss the goblin with your +0 war axe.
You hit the orc priest with your +0 war axe.
The orc priest hits you with a +0 flail.
The goblin closely misses you.
The endoplasm hits you but does no damage.
The endoplasm freezes you.
You are frozen.
* * * LOW HITPOINT WARNING * * *
The goblin hits you but does no damage.
The orc priest mumbles some strange prayers to Beogh against you.
Pain shoots through your body!
You die...
Beogh appreciates the orc priest's killing of a heretic priest.

.....................
...................####
...................#
......)............#
...................#
....................
.................
.................
......o@.........
....o.J.g........
.................
................
......r.........
................
................
...............


You could see an orc priest, an orc, an endoplasm, a goblin and a rat.

Vanquished Creatures
  2 dart slugs
  2 ball pythons
  2 endoplasms
  A giant cockroach (D:1)
  7 hobgoblins
  3 bats
  A frilled lizard (D:1)
  2 goblins
  2 kobolds
  4 rats
26 creatures vanquished.

Vanquished Creatures (others)
  2 orcs (D:3)
  2 endoplasms (D:3)
4 creatures vanquished.

Grand Total: 30 creatures vanquished

Notes
Turn   | Place    | Note
-------+----------+-------------------------------------------
     0 | D:1      | night the Coglin Gladiator began the quest for the Orb.
     0 | D:1      | Reached XP level 1. HP: 16/16 MP: 1/1
   143 | D:1      | Reached XP level 2. HP: 22/22 MP: 2/2
   998 | D:2      | Reached XP level 3. HP: 28/28 MP: 3/3
  1320 | D:3      | Became a worshipper of Beogh the Shepherd
  1377 | D:3      | Killed from afar by an orc priest

Illustrated notes

Levels and vault maps discovered:
D:1:      minmay_arrival_glassed_features, layout_basic
D:2:      layout_loops_corners
D:3:      layout_basic, nicolae_elyvilon_peaceful_grove

Skill      XL: |  1  2 |
---------------+-------+-----
Dodging        | 3 |  3.0
Fighting       | |  2.4
Long Blades    | |  3.7
Throwing       | |  1.7

Action                     || total
---------------------------++-------
  Melee: Long sword        ||    58
         Short sword       ||    12
         War axe           ||     3
 Invoke: Convert to Beogh  ||     1
 Armour: Leather armour    ||    32
  Dodge: Dodged            ||    43

Table legend: (Time is in decaauts)
 A = Elapsed time spent in this place.
 B = Non-inter-level travel time spent in this place.
 C = Inter-level travel time spent in this place.
 D = Time resting spent in this place.
 E = Time spent auto-exploring this place.
 F = Levels seen in this place.
 G = Mean time per level.
                   A        B        C        D        E       F      G
               +--------+--------+--------+--------+--------+-----+--------+
         Total |   1388 |   1357 |     31 |      0 |   1141 |   3 |  462.7 |
       Dungeon |   1388 |   1357 |     31 |      0 |   1141 |   3 |  462.7 |
               +--------+--------+--------+--------+--------+-----+--------+

Top non-repeatable levels by time:
     D:2: 771 daAuts
     D:1: 545 daAuts
     D:3: 71 daAuts
